Map: Orbital Shipyard

Players

IlIlIlIlIlIl - Winner!

  • Race: Terran Terran
  • League: Diamond

LilDicky

  • Race: Terran Terran
  • League: Diamond

VOD

http://www.twitch.tv/tumescentpie

Description

Time

  • Played on: Dec. 31, 2015, 5:41 p.m.
  • Length: 4:49
Show
View Real Time Build Order
Export as new Build Order

IlIlIlIlIlIl Terran - Winner!

Build Orders:  

Get SALT Encoding   

  12  0:00  SCV  
  13  0:13  SCV  
  14  0:19  Supply Depot  
  14  0:25  SCV  
  15  0:40  SCV  
  15  0:41  Barracks  
  16  0:53  SCV  
  16  0:54  Refinery  
  17  1:05  SCV  
  18  1:17  SCV  
  19  1:29  Marine  
  19  1:32  Orbital Command  
  20  1:46  Command Center  
  21  1:59  Supply Depot  
  20  2:05  Marine  
  20  2:07  Factory  
  20  2:10  SCV  
  21  2:18  Refinery  
  21  2:22  SCV  
  22  2:25  Marine  
  23  2:34  SCV  
  24  2:43  Barracks Reactor  
  24  2:46  SCV  
  24  2:50  Factory Tech Lab  
  25  2:53  Starport  
  25  2:59  SCV, Orbital Command  
  26  3:05  Engineering Bay  
  26  3:11  SCV  
  27  3:15  Siege Tank  
  30  3:22  Marine x2  
  30  3:23  SCV  
  30  3:26  SCV  
  34  3:32  Missile Turret  
  34  3:39  Missile Turret  
  34  3:42  Viking  
  34  3:48  Missile Turret  
  36  3:49  SCV  
  36  3:52  SCV  
  38  3:59  Siege Tank  
  38  4:01  SCV  
  42  4:04  SCV, Marine  
  42  4:05  Marine  
  45  4:11  Supply Depot  
  45  4:16  Supply Depot  
  45  4:18  SCV  
  46  4:33  SCV x2  
Show
View Real Time Build Order
Export as new Build Order

LilDicky Terran 

Build Orders: 1/1/1, Liberator Opening 

Get SALT Encoding   

  12  0:02  SCV  
  13  0:14  SCV  
  13  0:19  Supply Depot  
  14  0:26  Refinery  
  14  0:27  SCV  
  15  0:40  SCV  
  16  0:45  Barracks  
  16  0:54  SCV  
  17  1:05  Refinery  
  17  1:06  SCV  
  18  1:18  SCV  
  20  1:33  Marine  
  20  1:35  Factory, Orbital Command  
  20  1:48  Supply Depot  
  20  1:51  Marine  
  21  2:10  SCV  
  22  2:18  Factory Tech Lab  
  22  2:19  Starport  
  22  2:20  Marine  
  23  2:23  SCV  
  24  2:35  Supply Depot  
  24  2:36  SCV  
  25  2:39  Marine  
  26  2:46  Liberator  
  26  2:47  Siege Tank  
  26  2:48  SCV  
  30  2:57  Supply Depot  
  33  3:06  Marine  
  34  3:13  Engineering Bay  
  34  3:16  SCV  
  35  3:23  Siege Tank  
  38  3:33  Supply Depot, SCV  
  39  3:37  Marine  
  40  3:46  SCV  
  41  3:49  Viking  
  41  3:55  Marine  
  44  3:58  SCV, Siege Tank  
  48  4:04  Missile Turret  
  48  4:14  SCV  
  49  4:18  Supply Depot  
  49  4:21  Marine  
  50  4:27  SCV  
Tags
 
Add a new tag
Caveats
  • Supply blocks, unpowered buildings, or Contaminate may cause inaccurate times.
  • Supply counts are checked every 10 seconds.